 Dungeon Crawl Stone Soup version 0.32-a0-799-g95e1662365 (webtiles) character file.

Game seed: 17284020824100243144

83 hikkokomori the Chiller (level 4, -7/32 HPs)
             Began as a Coglin Ice Elementalist on Mar 21, 2024.
             Mangled by a gnoll
             ... wielding a +0 halberd
              (12 damage)
             ... on level 2 of the Dungeon.
             The game lasted 00:03:13 (1828 turns).

hikkokomori the Chiller (Coglin Ice Elementalist)   Turns: 1828, Time: 00:03:14

Health: -7/32      AC:  2    Str:  8    XL:     4   Next: 44%
Magic:  3/7        EV: 11    Int: 17    God:
Gold:   48         SH:  0    Dex: 14    Spells: 4/8 levels left

rFire   . . .        (no weapon)
rCold   . . .        (no shield)
rNeg    . . .        a - +0 robe
rPois   .            (no helmet)
rElec   .            (no cloak)
rCorr   .            (no gloves)
SInv    .            (no boots)
Will    .....        (amulet unavailable)
Stlth   ++           (ring unavailable)
HPRegen 0.25/turn    (ring unavailable)
MPRegen 0.10/turn    (no gizmo)

%: no passive effects
@: no status effects
A: off-hand wielding, slow wielding, warmup strikes, no jewellery
a: Invent Gizmo


You were on level 2 of the Dungeon.
You visited 1 branch of the dungeon, and saw 2 of its levels.

You collected 118 gold pieces.
You spent 70 gold pieces at shops.

Inventory:

Armour
 a - a +0 robe (worn)
Scrolls
 d - 2 scrolls of enchant weapon
 e - 3 scrolls of teleportation
 h - a scroll of brand weapon {unknown}
 i - a scroll of fog {unknown}
 k - a scroll of identify
Potions
 b - a potion of magic
 c - a potion of brilliance {unknown}
 f - a potion of might
 g - a potion of curing
 j - a potion of enlightenment {unknown}
 l - 2 potions of mutation {unknown}


   Skills:
 + Level 1.2 Fighting
 - Level 1.7 Dodging
 - Level 2.2 Stealth
 + Level 2.6 Spellcasting
 + Level 4.2 Ice Magic


You had 4 spell levels left.
You knew the following spells:

 Your Spells              Type           Power      Damage    Failure   Level
a - Freeze                Ice            64%        1d7       3%          1
b - Frozen Ramparts       Ice            32%        1d5       10%         3

Your spell library contained the following spells:

 Spells                   Type           Power      Damage    Failure   Level
 Ozocubu's Armour         Ice            16%        N/A       10%         3
 Apportation              Tloc           4%         N/A       19%         1
 Necrotise                Necr           8%         1d4       19%         1
 Sting                    Conj/Alch      8%         1d3       19%         1
 Summon Small Mammal      Summ           8%         N/A       19%         1
 Summon Ice Beast         Ice/Summ       9%         N/A       22%         3
 Summon Forest            Summ/Tloc      1%         N/A       99%         5
 Summon Mana Viper        Hex/Summ       2%         N/A       99%         5
 Summon Cactus Giant      Summ           1%         N/A       100%        6


Dungeon Overview and Level Annotations

Branches:
Dungeon (2/15)

Altars:

Shops:
D:1 *


Innate Abilities, Weirdness & Mutations

You can wield a second weapon in your off-hand.
It takes a long time for you to wield or remove held weapons.
Your first few attacks do less damage.
You cannot equip rings or amulets.


Message History

The gnoll shouts!
The gnoll misses you.
You barely miss the gnoll. The gnoll hits you with a +0 halberd!
You are too injured to fight recklessly!
You are too injured to fight recklessly!
Casting: Freeze (safe; 3% risk of failure)
Confirm with . or Enter, or press ? or * to list all spells.
Aiming: Freeze (safe; 3% risk of failure)
Press: ? - help, Shift-Dir - straight line, f - gnoll
Aim: a gnoll, wielding a +0 halberd You freeze the gnoll!
The gnoll is heavily wounded.
The gnoll hits you with a +0 halberd! The gnoll misses you.
Casting: Freeze (safe; 3% risk of failure)
Confirm with . or Enter, or press ? or * to list all spells.
Aiming: Freeze (safe; 3% risk of failure)
Press: ? - help, Shift-Dir - straight line, f/p - gnoll
Aim: a gnoll, wielding a +0 halberd (heavily wounded)
You freeze the gnoll.
The gnoll is severely wounded.
The gnoll hits you with a +0 halberd!
* * * LOW HITPOINT WARNING * * *
The gnoll barely misses you.
Casting: Freeze (safe; 3% risk of failure)
Confirm with . or Enter, or press ? or * to list all spells.
Aiming: Freeze (safe; 3% risk of failure)
Press: ? - help, Shift-Dir - straight line, f/p - gnoll
Aim: a gnoll, wielding a +0 halberd (severely wounded)
You freeze the gnoll.
The gnoll is severely wounded.
The gnoll closely misses you. x2
Casting: Freeze (safe; 3% risk of failure)
Confirm with . or Enter, or press ? or * to list all spells.
Aiming: Freeze (safe; 3% risk of failure)
Press: ? - help, Shift-Dir - straight line, f/p - gnoll
Aim: a gnoll, wielding a +0 halberd (severely wounded)
You freeze the gnoll.
The gnoll is severely wounded.
The gnoll hits you with a +0 halberd!
You die...

#..#.#.#.#.#.#..##
#.........P..P....
#..#.#.#P#.#.#....
#..#...#_#.P.#....
###.)#.#.#.#.#.#....
#............PPP....
#.#..#.#.#.#.#.#....
#.#..#...#.#...#..##
#..@############ .#
#..ggg..... #
#.#####.... #. ## #.
#


You could see 3 gnolls.

Vanquished Creatures
  Jessica (D:2)
  2 adders (D:2)
  3 ball pythons
  3 endoplasms
  A giant cockroach (D:2)
  5 goblins
  4 hobgoblins
  3 kobolds (D:2)
  3 quokkas
  9 bats
  2 frilled lizards
  2 rats
38 creatures vanquished.

Notes
Turn   | Place    | Note
-------+----------+-------------------------------------------
     0 | D:1      | hikkokomori the Coglin Ice Elementalist began the quest for
                  | the Orb.
     0 | D:1      | Reached XP level 1. HP: 13/13 MP: 3/3
   428 | D:1      | Reached XP level 2. HP: 19/19 MP: 2/4
   950 | D:1      | Found Feeh's General Store.
   958 | D:1      | Bought a scroll of identify for 28 gold pieces
   958 | D:1      | Bought a potion of curing for 42 gold pieces
  1220 | D:2      | Reached XP level 3. HP: 24/24 MP: 2/6
  1224 | D:2      | Learned a level 3 spell: Frozen Ramparts
  1271 | D:2      | Reached skill level 4 in Ice Magic
  1630 | D:2      | Noticed Jessica
  1635 | D:2      | Killed Jessica
  1636 | D:2      | Reached skill level 1 in Fighting
  1636 | D:2      | Reached XP level 4. HP: 32/32 MP: 4/7
  1784 | D:2      | Found a faded altar of an unknown god.
  1828 | D:2      | Mangled by a gnoll

Illustrated notes

Levels and vault maps discovered:
D:1:      lightli_arrival_boilingwater, layout_loops_corners, serial_shops,
          nicolae_shop_hallway_stairs, minmay_tetromino_s2
D:2:      layout_basic, shapermc_ecumenical_altar_mp_urbaneastern, uniq_jessica

Skill      XL: |  1  2  3 |
---------------+----------+-----
Spellcasting   | 2 |  2.6
Stealth        | 2 |  2.2
Ice Magic      | 4 |  4.2
Fighting       | 1 |  1.2
Dodging        | |  1.7

Action                     |  1- 3 |  4- 6 || total
---------------------------+-------+-------++-------
  Melee: Unarmed           |     3 |     3 ||     6
   Cast: Freeze            |    56 |    12 ||    68
    Use: Scroll            |     3 |       ||     3
 Armour: Robe              |    32 |     7 ||    39
  Dodge: Dodged            |    28 |     7 ||    35

Table legend: (Time is in decaauts)
 A = Elapsed time spent in this place.
 B = Non-inter-level travel time spent in this place.
 C = Inter-level travel time spent in this place.
 D = Time resting spent in this place.
 E = Time spent auto-exploring this place.
 F = Levels seen in this place.
 G = Mean time per level.
                   A        B        C        D        E       F      G
               +--------+--------+--------+--------+--------+-----+--------+
         Total |   1829 |   1806 |     23 |     12 |   1576 |   2 |  914.5 |
       Dungeon |   1829 |   1806 |     23 |     12 |   1576 |   2 |  914.5 |
               +--------+--------+--------+--------+--------+-----+--------+

Top non-repeatable levels by time:
     D:1: 1080 daAuts
     D:2: 748 daAuts
